 Dungeon Crawl Stone Soup version 0.19.0-24-gb05acd6 (webtiles) character file.

4293 JeffiDaFish the Basher (level 10, -2/63 HPs)
             Began as a Gargoyle Fighter on Nov 22, 2016.
             Was a Priest of Makhleb.
             Splashed by a brown ugly thing's acid (8 damage)
             ... on level 9 of the Dungeon.
             The game lasted 00:25:55 (6908 turns).

JeffiDaFish the Basher (Gargoyle Fighter)           Turns: 6908, Time: 00:25:55

Health: -2/63      AC: 19    Str: 20    XL:     10   Next: 32%
Magic:  10/10      EV:  5    Int: 10    God:    Makhleb [***...]
Gold:   617        SH: 11    Dex: 11    Spells: 0 memorised, 9 levels left

rFire  . . .     SeeInvis .     s - +4 flail (protect)
rCold  . . .     Gourm    .     w - +3 plate armour
rNeg   + . .     Faith    +     c - +0 shield
rPois  ∞         Spirit   .     l - +2 helmet
rElec  +         Reflect  .     (no cloak)
rCorr  .         Harm     .     e - +0 pair of gloves
MR     .....                    j - +1 pair of boots
Stlth  ..........               p - amulet of faith
                                (no ring)
                                (no ring)

@: corroded, protection aura
A: hooves 1, blink, deformed body, negative energy resistance 1, electricity
resistance, unbreathing, petrification resistance, rot immunity, AC +7
a: Blink, Minor Destruction, Lesser Servant of Makhleb, Renounce Religion


You were on level 9 of the Dungeon.
You worshipped Makhleb.
Makhleb was most pleased with you.
You were not hungry.

You visited 2 branches of the dungeon, and saw 10 of its levels.

You collected 617 gold pieces.

Inventory:

Hand Weapons
 s - a +4 flail of protection (weapon)
Armour
 c - a +0 shield (worn)
 e - a +0 pair of gloves (worn)
 j - a +1 pair of boots (worn)
 l - a +2 helmet (worn)
 w - a +3 plate armour (worn)
Jewellery
 p - an amulet of faith (around neck)
Scrolls
 k - 2 scrolls of fear
 u - 2 scrolls of identify
 v - a scroll of magic mapping
Potions
 a - a potion of flight
 d - a potion of might
 h - 2 potions of haste
 m - a potion of curing
 q - a potion of brilliance
 r - 2 potions of resistance
Books
 b - a book of Changes

   Spells                             Type                      Level
   a - Beastly Appendage              Transmutation                1
   b - Sticks to Snakes               Transmutation                2
   c - Spider Form                    Transmutation/Poison         3
   d - Ice Form                       Ice/Transmutation            4
   e - Blade Hands                    Transmutation                5
 n - a book of Misfortune

   Spells                             Type                      Level
   a - Confusing Touch                Hexes                        1
   b - Confuse                        Hexes                        3
   c - Gell's Gravitas                Hexes/Translocation          3
   d - Petrify                        Transmutation/Earth          4
   e - Metabolic Englaciation         Hexes/Ice                    5
   f - Yara's Violent Unravelling     Hexes/Transmutation          5
Comestibles
 f - 6 bread rations
 g - 2 royal jellies
 i - 5 meat rations
 t - 4 chunks of flesh
 x - 3 beef jerkies
 z - 7 slices of pizza


   Skills:
 + Level 7.0 Fighting
 + Level 9.7 Maces & Flails
 + Level 6.5 Armour
 + Level 2.2 Dodging
 + Level 1.6 Stealth
 + Level 8.8 Shields


You had 9 spell levels left.
You didn't know any spells.

Dungeon Overview and Level Annotations

Branches:
Dungeon (9/15)             Temple (1/1) D:4
   Lair: D:8-11         Orc: D:9-12

Altars:
Elyvilon
Gozag
Hepliaklqana
Makhleb
Nemelex Xobeh
Okawaru
Ru
Sif Muna
Xom
Zin
The Shining One

Shops:
D:6 [


Innate Abilities, Weirdness & Mutations

You are resistant to torment.
Your stone body is resilient. (AC +7)
You are immune to poison.
You resist negative energy. (rN+)
You are resistant to electric shocks. (rElec)
You can survive without breathing.
You are immune to petrification.
You are immune to rotting.
You have large cloven feet.
You can translocate small distances at will.
Armour fits poorly on your strangely shaped body.


Message History

You are splashed with acid!
The acid burns!
You closely miss the brown ugly thing.
The brown ugly thing is severely wounded.
You block the black bear's attack.
The black bear claws you but does no damage.
The black bear barely misses you.
You block the brown ugly thing's attack.
You sock the brown ugly thing!
The brown ugly thing is almost dead.
You block the black bear's attack. x2; The black bear claws you.
The brown ugly thing gores you.
* * * LOW HITPOINT WARNING * * *
The acid corrodes you!
You are splashed with acid!
The acid burns!
* * * LOW HITPOINT WARNING * * *
You feel better. You block the black bear's attack.
The black bear claws you but does no damage.
You block the black bear's attack. The brown ugly thing gores you!
* * * LOW HITPOINT WARNING * * *
The acid corrodes you!
You are splashed with acid!
The acid burns!
You die...

.... ...###. ...... .. ....
... #..# ....## ####..####
....#. #..#..#.$# ......
#....@u..# ....... .
......###....h.###...
...###. #....(...###......#
...... ##........#........#
.... ##....#..#..#..#..#
#..#
##...#######..#######..##
##.÷#..#..#..#..#..#..#.
#####......#........#.......
.........)###.†....###......


You could see a brown ugly thing and a black bear.

Vanquished Creatures
  Prince Ribbit (D:6)
  A hippogriff (D:8)
  3 hogs (D:7)
  A yak (D:7)
  A human (D:7)
  Edmund (D:5)
  3 orc warriors (D:9)
  2 ice beasts
  A sky beast (D:6)
  2 black bears
  5 ogres
  A phantom (D:7)
  A centaur (D:5)
  A big kobold (D:8)
  4 bullfrogs
  A scorpion (D:4)
  12 killer bees (D:9)
  A howler monkey (D:5)
  4 crimson imps
  A bullfrog zombie (D:8)
  3 orc priests
  A bullfrog skeleton (D:4)
  A hound (D:5)
  6 orc wizards
  Natasha (thrice) (D:2 D:3)
  4 worker ants
  A hound skeleton (D:4)
  8 adders
  An adder zombie (D:5)
  2 adder skeletons
  A dart slug (D:1)
  3 leopard geckos
  26 orcs
  8 bats
  6 giant cockroaches
  3 goblins
  8 hobgoblins
  12 jackals
  3 quokkas
  5 ball pythons
  3 frilled lizards
  3 kobolds
  A leopard gecko skeleton (D:5)
  A quokka zombie (D:5)
  7 rats
167 creatures vanquished.

Notes
Turn   | Place    | Note
-------+----------+-------------------------------------------
     0 | D:1      | JeffiDaFish the Gargoyle Fighter began the quest for the Orb.
     0 | D:1      | Reached XP level 1. HP: 14/14 MP: 1/1
    93 | D:1      | Reached XP level 2. HP: 17/19 MP: 2/2
   485 | D:2      | Reached XP level 3. HP: 23/23 MP: 3/3
   626 | D:2      | Noticed Natasha
   632 | D:2      | Killed Natasha
   632 | D:2      | Reached XP level 4. HP: 24/28 MP: 4/4
   832 | D:2      | Found a glowing silver altar of Zin.
  1063 | D:3      | Noticed Natasha
  1067 | D:3      | Killed Natasha
  1067 | D:3      | Reached skill level 3 in Maces & Flails
  1151 | D:3      | Noticed Natasha
  1168 | D:3      | Killed Natasha
  1168 | D:3      | Reached XP level 5. HP: 23/33 MP: 5/5
  1393 | D:3      | Reached skill level 1 in Dodging
  1415 | D:3      | Found a sacrificial altar of Ru.
  1557 | D:3      | Found a faded altar of an unknown god.
  1730 | D:3      | Noticed an ogre
  1737 | D:3      | Killed an ogre
  1737 | D:3      | Reached skill level 1 in Stealth
  1737 | D:3      | Reached XP level 6. HP: 24/38 MP: 6/6
  2344 | D:4      | Found an iron altar of Okawaru.
  2383 | D:4      | Reached skill level 4 in Maces & Flails
  2650 | D:4      | Found a staircase to the Ecumenical Temple.
  2677 | Temple   | Entered the Ecumenical Temple
  2689 | Temple   | Became a worshipper of Makhleb the Destroyer
  2821 | D:4      | Reached skill level 5 in Shields
  2938 | D:4      | Reached XP level 7. HP: 43/43 MP: 7/7
  2974 | D:4      | Found a glowing golden altar of the Shining One.
  3196 | D:5      | Entered Level 5 of the Dungeon
  3292 | D:5      | Gained mutation: You can translocate small distances at will. [potion of mutation]
  3292 | D:5      | Gained mutation: Armour fits poorly on your strangely shaped body. [potion of mutation]
  3292 | D:5      | Gained mutation: You have large cloven feet. [potion of mutation]
  3427 | D:5      | Noticed Edmund
  3458 | D:5      | Killed Edmund
  3458 | D:5      | Reached skill level 5 in Maces & Flails
  3773 | D:5      | Reached * piety under Makhleb
  4015 | D:5      | Reached XP level 8. HP: 36/48 MP: 8/8
  4023 | D:5      | Reached skill level 6 in Maces & Flails
  4032 | D:5      | Found a hazy altar of Hepliaklqana.
  4166 | D:6      | Reached skill level 5 in Fighting
  4166 | D:6      | Reached skill level 5 in Armour
  4246 | D:6      | Found an opulent altar of Gozag.
  4278 | D:6      | Found Femossac's Armour Emporium.
  4286 | D:6      | Found a sparkling altar of Nemelex Xobeh.
  4289 | D:6      | Noticed Prince Ribbit
  4749 | D:6      | Killed Prince Ribbit
  4749 | D:6      | Reached skill level 7 in Maces & Flails
  4894 | D:6      | Found a shimmering altar of Xom.
  4987 | D:7      | Found a white marble altar of Elyvilon.
  5049 | D:7      | Reached XP level 9. HP: 55/55 MP: 9/9
  5208 | D:7      | Reached skill level 8 in Maces & Flails
  5746 | D:8      | Reached ** piety under Makhleb
  5959 | D:8      | Reached skill level 9 in Maces & Flails
  6050 | D:8      | Found a deep blue altar of Sif Muna.
  6477 | D:8      | Reached XP level 10. HP: 61/61 MP: 10/10
  6673 | D:9      | Reached *** piety under Makhleb
  6883 | D:9      | Noticed a brown ugly thing
  6908 | D:9      | Splashed by a brown ugly thing's acid

Skill      XL: |  1  2  3  4  5  6  7  8  9 10 |
---------------+-------------------------------+-----
Armour         | 4 5 6 |  6.5
Maces & Flails | 3 4 5 7 9 |  9.7
Shields        | 4 5 6 8 |  8.8
Dodging        | 1 2 |  2.2
Fighting       | 4 5 6 7 |  7.0
Stealth        | 1 |  1.6

Action                   |  1- 3 |  4- 6 |  7- 9 | 10-12 || total
-------------------------+-------+-------+-------+-------++-------
Melee: Flail             |    74 |   269 |   362 |   176 ||   881
       Morningstar       |       |    44 |    71 |       ||   115
  Use: Scroll            |     4 |     2 |     7 |     3 ||    16
       Potion            |     4 |     5 |     3 |     2 ||    14
 Stab: Invisible         |       |     1 |       |       ||     1
       Paralysed         |       |     2 |       |       ||     2
  Eat: Chunk             |       |     7 |    13 |       ||    20
       Royal jelly       |       |       |       |     1 ||     1
Armor: Scale mail        |    39 |    44 |       |       ||    83
       Skin              |       |    31 |       |       ||    31
       Chain mail        |       |   114 |       |       ||   114
       Plate armour      |       |    48 |   259 |   246 ||   553
Dodge: Dodged            |    28 |   120 |    58 |    67 ||   273
Block: Shield            |    35 |   259 |   221 |   203 ||   718
